 Dungeon Crawl Stone Soup version 0.28-a0-863-g8cecda6153 (webtiles) character file.

Game seed: 16010144016316746551

10866 willcat the Protected (level 11, -8/89 HPs)
             Began as a Demigod Fighter on Nov 17, 2021.
             Mangled by a death yak (11 damage)
             ... on level 2 of the Lair of Beasts.
             The game lasted 00:13:56 (10897 turns).

willcat the Protected (Demigod Fighter)            Turns: 10897, Time: 00:13:57

Health: -8/89      AC: 13    Str: 27    XL:     11   Next: 19%
Magic:  30/30      EV:  7    Int: 18    God:
Gold:   438        SH:  6    Dex: 17    Spells: 19/19 levels left

rFire   . . .      SeeInvis .   a - +8 dagger of Defence {vorpal, rC+ rN+ Dex+4}
rCold   + + +      Faith    .   c - +0 buckler
rNeg    + . .      Spirit   .   x - +0 scale mail
rPois   .          Reflect  .   B - +1 hat
rElec   +          Harm     .   k - +2 cloak of Plog {Str+3}
rCorr   +          Rampage  .   (no gloves)
Will    +....                   A - +0 pair of boots
Stlth   ..........              J - amulet of the Heavens {rElec rC+++ Regen+ MP+9 Str+3}
HPRegen 1.24/turn               q - ring of resist corrosion
MPRegen 0.22/turn               H - ring of flight

@: about to teleport, petrifying (expiring), flying, very slow
A: high mp 1, forlorn
a: no special abilities


You were on level 2 of the Lair of Beasts.
You visited 2 branches of the dungeon, and saw 11 of its levels.
You also visited: Sewer.

You collected 438 gold pieces.

Inventory:

Hand Weapons
 a - the +8 dagger of Defence (weapon) {vorpal, rC+ rN+ Dex+4}
   (You found it on level 4 of the Dungeon)

   It inflicts extra damage upon your enemies.
   Dex:       It affects your dexterity (+4).
   rC:        It protects you from cold.
   rN:        It protects you from negative energy.
 b - the +7 Singing Sword {vorpal, sonic wave}
   (You found it on level 5 of the Dungeon)

   It inflicts extra damage upon your enemies.
   It radiates damaging sonic waves as it strikes, especially in combat
   involving dangerous or numerous foes.
 f - a +7 quick blade
 L - the +3 Elemental Staff {rElec rF++ rC++ AC+5}
   (You found it on level 8 of the Dungeon)

   If the wielder is skilled in Evocations, they can discharge powerful blasts
   of elemental energy when striking with it.
   It enhances your fire, ice, earth and air magic.
   AC:        It affects your AC (+5).
   rF:        It greatly protects you from fire.
   rC:        It greatly protects you from cold.
   rElec:     It insulates you from electricity.
 M - the +10 trident "Jeeloorax" {vorpal, rPois rC+ rN++ Will-}
   (You found it on level 7 of the Dungeon)

   It inflicts extra damage upon your enemies.
   rC:        It protects you from cold.
   rPois:     It protects you from poison.
   rN:        It greatly protects you from negative energy.
   Will:      It decreases your willpower.
Missiles
 v - 5 throwing nets (quivered)
Armour
 c - a +0 buckler (worn)
 k - the +2 cloak of Plog (worn) {Str+3}
   (You found it on level 7 of the Dungeon)

   Str:       It affects your strength (+3).
 x - a +0 scale mail (worn)
 A - a +0 pair of boots (worn)
 B - a +1 hat (worn)
Jewellery
 q - a ring of resist corrosion (left hand)
 H - a ring of flight (right hand)
 J - the amulet of the Heavens (around neck) {rElec rC+++ Regen+ MP+9 Str+3}
   (You found it on level 8 of the Dungeon)

   [amulet of regeneration]

   Str:       It affects your strength (+3).
   rC:        It renders you almost immune to cold.
   rElec:     It insulates you from electricity.
   MP:        It affects your magic capacity (+9).
   Regen:     It increases your rate of health regeneration.
Wands
 n - a wand of digging (6)
 y - a wand of paralysis (20)
 z - a wand of flame (19)
 G - a wand of acid (5)
 O - a wand of iceblast (6)
Scrolls
 e - a scroll of brand weapon {unknown}
 g - a scroll of enchant armour {unknown}
 h - a scroll of fear
 i - a scroll of vulnerability
 j - a scroll of amnesia
 l - 4 scrolls of teleportation
 w - 2 scrolls of magic mapping
 C - a scroll of immolation
 I - 2 scrolls of identify
 P - a scroll of torment {unknown}
Potions
 d - a potion of might
 m - 2 potions of heal wounds
 o - a potion of berserk rage {unknown}
 p - a potion of brilliance
 r - 2 potions of haste
 s - a potion of lignification {unknown}
 t - 2 potions of magic
 u - a potion of mutation
 D - a potion of invisibility {unknown}
 E - 5 potions of curing {unknown}
 F - 2 potions of cancellation {unknown}
 N - a potion of degeneration {unknown}
Miscellaneous
 K - a condenser vane (inert)


   Skills:
 + Level 5.9 Fighting
 - Level 5.7(6.7) Short Blades
 + Level 5.4(6.6) Long Blades
 + Level 2.6 Staves
 + Level 8.1 Armour
 - Level 5.2 Dodging
 + Level 8.1 Shields
 + Level 4.6 Spellcasting
 + Level 2.8 Evocations


You had 19 spell levels left.
You didn't know any spells.
Your spell library contained the following spells:

 Spells                   Type           Power      Damage    Failure   Level
 Magic Dart               Conj           16%        1d3       28%         1
 Shock                    Conj/Air       16%        1d4       28%         1
 Searing Ray              Conj           8%         2d4       38%         2
 Sublimation of Blood     Necr           4%         N/A       38%         2
 Swiftness                Air            4%         N/A       63%         3
 Airstrike                Air            2%         N/A       95%         4
 Fulminant Prism          Conj/Hex       2%         3d6       95%         4
 Petrify                  Tmut/Erth      4%         N/A       95%         4
 Irradiate                Conj/Tmut      2%         3d14      100%        5


Dungeon Overview and Level Annotations

Branches:
Dungeon (9/15)             Temple (0/1) D:4            Lair (1/6) D:9
  Sewer (visited)
    Orc: D:9-12

Shops:
D:6 :


Innate Abilities, Weirdness & Mutations

Your attributes grow dramatically as you level up.
You have an increased reservoir of magic. (+10% MP)
You shall have no god before yourself.


Message History

The death yak gores you.
Unknown command.
Unknown command.
Unknown command.
Aiming: Corrosive Bolt
Press: ? - help, Shift-Dir - straight line, f/p - six-headed hydra
Aim: a six-headed hydra (heavily wounded, 91% to hit)
The bolt of acid hits the death yak!
The death yak seems to be corroded for longer.
The death yak is heavily wounded.
The bolt of acid misses the death yak.
The bolt of acid hits the six-headed hydra!!
The acid corrodes the six-headed hydra!
The six-headed hydra is almost dead.
The bolt of acid misses the water moccasin.
The death yak gores you!
Unknown command.
Unknown command.
A basilisk comes into view.
The basilisk hisses angrily.
The basilisk gazes at you.
You are slowing down.
Unknown command.
As you read the scroll of teleportation, it crumbles to dust.
You feel strangely unstable. The death yak gores you!!
* * * LOW HITPOINT WARNING * * *
The death yak gores you!!
* * * LOW HITPOINT WARNING * * *
Your limbs are stiffening.
Unknown command.
Unknown command.
Unknown command.
As you read the scroll of fear, it crumbles to dust.
You assume a fearsome visage.
The cane toad looks frightened!
The basilisk looks frightened!
The death yak looks frightened!
The death yak resists with some effort.
The six-headed hydra looks frightened!
The death yak gores you!
* * * LOW HITPOINT WARNING * * *
The death yak gores you!
You die...

##......Y##..#F#.###..#.#..#.
##....#.#...#.#.........D...
#..P..###....#..P.#.#......
##....###.F#Y.##.P..#.P....
#..####...#...........#...
#.## ##.D.##.P........... #..
# #YY####.....#.....P
#.#.Y#####..#.....###
#..@#.###......#.#
#..>.##..#...##..#
##....†........#.#
#......†......#....
.........l.†....# #...
###.##...........# .# ##
#..#..........
#..#.#........##
#...#......####


You could see 3 death yaks, a six-headed hydra (fleeing, corroded), a cane toad
(fleeing) and a basilisk (fleeing).

Vanquished Creatures
  Harold (D:8)
  2 boulder beetles (D:8)
  A centaur warrior (D:8)
  A death yak (Lair:2)
  A cyclops (D:8)
  2 cane toads (Lair:1)
  An efreet (D:8)
  A komodo dragon (Lair:2)
  A hornet (D:8)
  A troll (D:7)
  5 blink frogs (Lair:2)
  Sigmund (D:2)
  4 yaks (D:9)
  A basilisk (D:9)
  A wyvern (D:9)
  Edmund (D:5)
  Duvessa (D:5)
  5 water moccasins
  An acid dragon (D:8)
  2 black bears
  A hornet zombie (D:8)
  An ice beast (D:5)
  An orc warrior (D:9)
  2 sky beasts (D:6)
  2 ogres
  A necrophage (D:6)
  3 wolves (Lair:1)
  4 kobold brigands
  Blork the orc (D:6)
  3 bullfrogs
  6 scorpions
  A gnoll sergeant (D:8)
  Dowan (D:5)
  3 wights (D:7)
  A howler monkey (D:8)
  A crimson imp (D:5)
  A bullfrog zombie (D:7)
  2 jellies
  An orc priest (D:7)
  A bullfrog skeleton (D:6)
  3 hounds
  2 centaur skeletons
  3 iguanas
  4 orc wizards
  A howler monkey zombie (D:7)
  4 gnolls (D:8)
  16 adders
  A howler monkey skeleton (D:4)
  6 river rats
  3 shadow imps
  2 white imps (D:5)
  2 ufetubi
  2 adder skeletons (D:4)
  11 worms
  A dart slug (D:5)
  10 orcs
  15 bats
  7 endoplasms
  3 goblins
  4 hobgoblins
  10 jackals
  18 kobolds
  3 quokkas
  10 ball pythons
  3 frilled lizards
  14 rats
  2 butterflies (Lair:1)
231 creatures vanquished.

Vanquished Creatures (others)
  16 fungi
  21 plants
37 creatures vanquished.

Grand Total: 268 creatures vanquished

Notes
Turn   | Place    | Note
-------+----------+-------------------------------------------
     0 | D:1      | willcat the Demigod Fighter began the quest for the Orb.
     0 | D:1      | Reached XP level 1. HP: 18/18 MP: 3/3
   142 | D:1      | Noticed a great orb of eyes
   146 | D:1      | Noticed a floating eye
   158 | D:1      | Noticed an eye of devastation
   206 | D:1      | Noticed a floating eye
   341 | D:1      | Reached XP level 2. HP: 25/25 MP: 4/4
   959 | D:2      | Noticed Sigmund
   994 | D:2      | Reached skill level 1 in Dodging
  1252 | D:2      | Reached XP level 3. HP: 26/30 MP: 5/5
  2006 | D:2      | Killed Sigmund
  2007 | D:2      | Reached XP level 4. HP: 26/37 MP: 6/6
  2007 | D:2      | Reached XP level 5. HP: 30/42 MP: 7/7
  2958 | D:4      | Reached XP level 6. HP: 27/50 MP: 8/8
  3395 | D:4      | Identified the +8 dagger of Defence {vorpal, rC+ rN+ Dex+4}
  3452 | D:4      | Found a staircase to the Ecumenical Temple.
  3791 | D:5      | Entered Level 5 of the Dungeon
  3897 | D:5      | Reached XP level 7. HP: 46/56 MP: 9/9
  3905 | D:5      | Found a glowing drain.
  3937 | Sewer    | Entered a sewer
  4671 | D:5      | Identified a scroll of acquirement
  4672 | D:5      | Acquired a +4 quick blade
  4784 | D:5      | Reached skill level 5 in Armour
  4784 | D:5      | Reached skill level 5 in Shields
  5199 | D:5      | Noticed Duvessa
  5199 | D:5      | Noticed Dowan
  5203 | D:5      | Noticed Edmund
  5229 | D:5      | Killed Edmund
  5230 | D:5      | Reached XP level 8. HP: 53/62 MP: 10/10
  5239 | D:5      | Killed Duvessa
  5245 | D:5      | Killed Dowan
  5246 | D:5      | Reached skill level 5 in Short Blades
  6099 | D:5      | Found the +7 Singing Sword {vorpal, sonic wave}
  6305 | D:6      | Reached skill level 5 in Dodging
  6518 | D:6      | Found Denofaw's Book Shop.
  6525 | D:6      | Reached skill level 1 in Long Blades
  7023 | D:6      | Noticed Blork the orc
  7031 | D:6      | Killed Blork the orc
  7470 | D:7      | Reached XP level 9. HP: 51/66 MP: 12/12
  7576 | D:7      | Reached skill level 1 in Spellcasting
  8065 | D:7      | Identified the +10 trident "Jeeloorax" {vorpal, rPois rC+
                  | rN++ Will-}
  8068 | D:7      | Identified the +2 cloak of Plog {Str+3}
  8435 | D:8      | Noticed Harold
  8440 | D:8      | Killed Harold
  8515 | D:8      | Noticed a centaur warrior
  8965 | D:8      | Killed a centaur warrior
  8973 | D:8      | Noticed a cyclops
  9276 | D:8      | Killed a cyclops
  9277 | D:8      | Reached XP level 10. HP: 80/80 MP: 16/18
  9664 | D:8      | Noticed a boulder beetle
  9673 | D:8      | Killed a boulder beetle
  9817 | D:8      | Found the +3 Elemental Staff {rElec rF++ rC++ AC+5}
  9849 | D:8      | Identified the amulet of the Heavens {rElec rC+++ Regen+
                  | MP+9 Str+3}
  9882 | D:8      | Reached skill level 5 in Fighting
 10225 | D:8      | Noticed a boulder beetle
 10310 | D:8      | Killed a boulder beetle
 10311 | D:8      | Reached skill level 1 in Evocations
 10348 | D:9      | Reached skill level 1 in Staves
 10464 | D:9      | Reached skill level 5 in Long Blades
 10469 | D:9      | Found a staircase to the Lair.
 10494 | Lair:1   | Entered Level 1 of the Lair of Beasts
 10767 | Lair:1   | You are sucked into a shaft and drop 1 floor!
 10808 | Lair:2   | Reached XP level 11. HP: 88/89 MP: 21/21
 10843 | Lair:2   | Noticed a death yak
 10844 | Lair:2   | Noticed a death yak
 10844 | Lair:2   | Noticed a death yak
 10844 | Lair:2   | Noticed a six-headed hydra
 10844 | Lair:2   | Noticed a death yak
 10876 | Lair:2   | Killed a death yak
 10897 | Lair:2   | HP: 3/89 [death yak (10)]
 10897 | Lair:2   | Mangled by a death yak

Illustrated notes

Levels and vault maps discovered:
D:1:      dpeg_arrival_boxes_within_box, layout_basic,
          hellmonk_ecumenical_altar_watching_god
D:2:      layout_rooms, grunt_decor_arrowhead, uniq_sigmund
D:3:      layout_basic, nicolae_gozag_cash_rules_everything_around_me,
          mainiacjoe_overflow_alcove_1, nicolae_uskayaw_murder_on_the_dancefloor
D:4:      layout_loops_ring, minmay_temple_entry_drinking_statues
D:5:      old_forge, layout_rooms, nicolae_overflow_crystal_walls,
          lightli_sewer_entry_pipes, interstate_on_off, minmay_fire_ice_demons,
          uniq_edmund, uniq_duvessa
D:6:      layout_loops_ring, nicolae_vehumet_altar_sigil,
          mainiacjoe_overflow_24_doors, serial_shops, shop, uniq_blork_the_orc
D:7:      minmay_chambers_of_fours, layout_basic
D:8:      minmay_tri_box, layout_gridville, tso_oasis_becter,
          nicolae_overflow_hidden_temple, uniq_harold
D:9:      layout_basic, minmay_lair_entry_grove, nicolae_inconvenience_store
Lair:1:   layout_cave_pods, serial_bayou_pond_b, lemuel_fruit_fields,
          grunt_megastairs_5, lemuel_fruit_fields
Lair:2:   layout_loops_ring, palyth_hydra_swamp_entry, st_stairs_11,
          minmay_holes

Skill      XL: |  1  2  3  4  5  6  7  8  9 10 11 |
---------------+----------------------------------+-----
Short Blades   | 2 3 4 5 |  5.7
Armour         | 3 4 5 6 7 8 |  8.1
Dodging        | 1 2 3 4 5 |  5.2
Shields        | 3 4 5 6 7 8 |  8.1
Long Blades    | 1 4 5 |  5.4
Fighting       | 4 5 |  5.9
Spellcasting   | 3 4 |  4.6
Evocations     | 2 |  2.8
Staves         | 2 |  2.6

Action                   |  1- 3 |  4- 6 |  7- 9 | 10-12 || total
-------------------------+-------+-------+-------+-------++-------
Melee: Dagger            |   130 |   250 |   288 |       ||   668
       Double sword      |       |       |   104 |   100 ||   204
Evoke: Wand              |       |       |       |    10 ||    10
       Condenser vane    |       |       |       |     1 ||     1
  Use: Potion            |     1 |     1 |       |     1 ||     3
       Scroll            |       |       |    18 |     3 ||    21
 Stab: Distracted        |       |       |     1 |       ||     1
       Paralysed         |       |       |       |     6 ||     6
Armor: Scale mail        |    42 |    57 |   128 |    33 ||   260
Dodge: Dodged            |    47 |    77 |   214 |    54 ||   392
Block: Buckler           |    24 |    40 |   105 |    33 ||   202

Table legend: (Time is in decaauts)
 A = Elapsed time spent in this place.
 B = Non-inter-level travel time spent in this place.
 C = Inter-level travel time spent in this place.
 D = Time resting spent in this place.
 E = Time spent auto-exploring this place.
 F = Levels seen in this place.
 G = Mean time per level.
                   A        B        C        D        E       F      G
               +--------+--------+--------+--------+--------+-----+--------+
         Total |  10848 |  10558 |    290 |   1921 |   6852 |  12 |  904.0 |
       Dungeon |   9653 |   9363 |    290 |   1921 |   5952 |   9 | 1072.6 |
          Lair |    409 |    409 |      0 |      0 |    295 |   2 |  204.5 |
         Sewer |    785 |    785 |      0 |      0 |    604 |   1 |  785.0 |
               +--------+--------+--------+--------+--------+-----+--------+

Top non-repeatable levels by time:
     D:7: 2005 daAuts
     D:5: 1694 daAuts
     D:1: 1166 daAuts
     D:8: 1152 daAuts
     D:4: 1055 daAuts
     D:6: 991 daAuts
     D:2: 880 daAuts
   Sewer: 785 daAuts
     D:3: 546 daAuts
  Lair:1: 275 daAuts
     D:9: 160 daAuts
  Lair:2: 134 daAuts
